[ AOE2 MATCH · #506034228 ]
UnrankedSpanish vs Gurjaras
Player's team · LOSS
Rival team · WIN
[ REPLAY ANALYSIS · EXTRACTED FROM THE RECORDED GAME ]
Feudal
10:51
Castle
—
Imperial
—
| APM avg | 43.3 |
| APM peak | 68 |
| eAPM avg | 22.3 |
| Villagers / military | 63 / 20 |
Focus
⚔️ 43.0% · 🌾 57.0%
Skirmisher ×11 · Spearman ×5 · Militia ×4
Feudal
9:17
Castle
19:34
Imperial
—
| APM avg | 43.2 |
| APM peak | 58 |
| eAPM avg | 20.2 |
| Villagers / military | 65 / 25 |
Focus
⚔️ 35.5% · 🌾 64.5%
Archer ×23 · Scout Cavalry ×2
Match map
Initial resources + every placement click. Lines = walls · curves = elevation contours. ◆ gold · ⬟ stone · ● berries · ✦ relic · ◌ wall gap
Your base· Open — unwalled flank
bambolotto527's base· Open — 3t gap
Smoothed initial terrain · ◌ = detected wall gap · hover for details
Inputs per minute
— DGHIR | Lukera - - bambolotto527
Build order — DGHIR | Lukera
First 150 of 156 actions detected
| 0:02 | Queue | Villager (Male) |
| 0:02 | Queue | Villager (Male) |
| 0:04 | Build | House |
| 0:05 | Build | House |
| 0:08 | Queue | Villager (Male) |
| 0:15 | Queue | Villager (Male) |
| 0:16 | Queue | Villager (Male) |
| 1:41 | Queue | Villager (Male) |
| 2:01 | Build | Lumber Camp |
| 2:05 | Queue | Villager (Male) |
| 2:05 | Queue | Villager (Male) |
| 2:33 | Queue | Villager (Male) |
| 2:33 | Queue | Villager (Male) |
| 2:55 | Queue | Villager (Male) |
| 2:55 | Queue | Villager (Male) |
| 3:11 | Queue | Villager (Male) |
| 3:35 | Queue | Villager (Male) |
| 3:56 | Build | House |
| 4:10 | Queue | Villager (Male) |
| 4:10 | Queue | Villager (Male) |
| 4:57 | Build | Barracks |
| 5:27 | Queue | Villager (Male) |
| 5:43 | Build | House |
| 5:46 | Queue | Militia |
| 5:46 | Queue | Militia |
| 6:05 | Queue | Villager (Male) |
| 6:06 | Queue | Villager (Male) |
| 6:06 | Queue | Villager (Male) |
| 6:16 | Build | Mill |
| 6:30 | Queue | Villager (Male) |
| 6:51 | Queue | Villager (Male) |
| 6:56 | Queue | Villager (Male) |
| 6:56 | Queue | Villager (Male) |
| 6:57 | Queue | Villager (Male) |
| 7:21 | Queue | Villager (Male) |
| 7:48 | Research | Loom |
| 8:41 | Research | Feudal Age |
| 8:41 | Research | Feudal Age |
| 8:41 | Research | Feudal Age |
| 9:27 | Queue | Militia |
| 9:27 | Queue | Militia |
| 9:49 | Queue | Villager (Male) |
| 10:15 | Queue | Villager (Male) |
| 10:51 | Age | Feudal Age |
| 10:59 | Research | Double-Bit Axe |
| 11:13 | Research | Man-at-Arms (upgrade) |
| 11:14 | Queue | Villager (Male) |
| 11:16 | Build | Farm |
| 11:18 | Build | Farm |
| 11:19 | Build | House |
| 11:40 | Build | Farm |
| 11:44 | Build | Farm |
| 11:45 | Queue | Spearman |
| 12:18 | Queue | Villager (Male) |
| 12:25 | Build | Watch Tower |
| 12:33 | Build | Archery Range |
| 12:35 | Queue | Villager (Male) |
| 12:44 | Queue | Villager (Male) |
| 13:04 | Queue | Villager (Male) |
| 13:07 | Build | Farm |
| 13:08 | Build | Farm |
| 13:08 | Build | Farm |
| 13:09 | Queue | Villager (Male) |
| 13:13 | Build | Farm |
| 13:15 | Queue | Villager (Male) |
| 13:27 | Queue | Villager (Male) |
| 13:39 | Queue | Villager (Male) |
| 13:45 | Build | Farm |
| 14:05 | Queue | Villager (Male) |
| 14:36 | Queue | Skirmisher |
| 14:37 | Queue | Skirmisher |
| 14:41 | Build | Blacksmith |
| 14:42 | Queue | Villager (Male) |
| 14:54 | Queue | Skirmisher |
| 14:59 | Queue | Villager (Male) |
| 15:08 | Build | House |
| 15:13 | Build | House |
| 15:15 | Build | Palisade Wall |
| 15:20 | Research | Town Watch |
| 15:21 | Research | Fletching |
| 15:22 | Research | Padded Archer Armor |
| 15:22 | Research | Padded Archer Armor |
| 15:30 | Build | Farm |
| 15:30 | Build | Farm |
| 15:35 | Queue | Villager (Male) |
| 15:41 | Build | Farm |
| 15:44 | Queue | Villager (Male) |
| 15:48 | Queue | Villager (Male) |
| 15:57 | Build | Lumber Camp |
| 15:58 | Queue | Villager (Male) |
| 16:03 | Build | House |
| 16:09 | Build | House |
| 16:29 | Queue | Skirmisher |
| 16:39 | Queue | Skirmisher |
| 16:39 | Queue | Skirmisher |
| 16:42 | Queue | Villager (Male) |
| 16:43 | Queue | Villager (Male) |
| 16:47 | Queue | Villager (Male) |
| 16:51 | Build | Farm |
| 16:54 | Build | Farm |
| 17:02 | Queue | Spearman |
| 17:03 | Queue | Villager (Male) |
| 17:11 | Build | Mining Camp |
| 17:33 | Queue | Villager (Male) |
| 17:34 | Queue | Skirmisher |
| 17:37 | Build | House |
| 17:39 | Build | Palisade Wall |
| 17:40 | Build | Palisade Wall |
| 17:45 | Build | House |
| 17:46 | Build | House |
| 17:50 | Build | House |
| 17:55 | Queue | Skirmisher |
| 17:56 | Queue | Skirmisher |
| 18:03 | Queue | Spearman |
| 18:04 | Queue | Spearman |
| 18:04 | Queue | Spearman |
| 18:04 | Queue | Villager (Male) |
| 18:05 | Queue | Villager (Male) |
| 18:05 | Queue | Villager (Male) |
| 18:11 | Build | Farm |
| 18:14 | Queue | Villager (Male) |
| 18:26 | Queue | Villager (Male) |
| 18:26 | Queue | Villager (Male) |
| 18:32 | Queue | Villager (Male) |
| 18:42 | Queue | Skirmisher |
| 18:56 | Queue | Skirmisher |
| 19:14 | Queue | Villager (Male) |
| 19:17 | Build | Farm |
| 19:17 | Build | Farm |
| 19:20 | Build | Farm |
| 19:21 | Queue | Villager (Male) |
| 19:28 | Build | Mining Camp |
| 20:28 | Build | Watch Tower |
| 20:36 | Queue | Villager (Male) |
| 20:40 | Queue | Villager (Male) |
| 20:46 | Build | House |
| 20:51 | Build | House |
| 20:55 | Build | House |
| 21:24 | Build | House |
| 21:27 | Build | Market |
| 22:05 | Research | Castle Age |
| 22:13 | Build | Farm |
| 22:16 | Queue | Villager (Male) |
| 22:25 | Queue | Villager (Male) |
| 22:30 | Build | Farm |
| 22:31 | Build | Farm |
| 22:32 | Build | Farm |
| 22:34 | Research | Horse Collar |
| 22:54 | Build | House |
| 22:56 | Build | House |
Build order — bambolotto527
First 150 of 176 actions detected
| 0:00 | Queue | Villager (Male) |
| 0:01 | Queue | Villager (Male) |
| 0:01 | Queue | Villager (Male) |
| 0:02 | Build | House |
| 0:04 | Build | House |
| 0:21 | Queue | Villager (Male) |
| 0:21 | Queue | Villager (Male) |
| 0:59 | Build | Mill |
| 1:31 | Queue | Villager (Male) |
| 2:03 | Queue | Villager (Male) |
| 2:04 | Queue | Villager (Male) |
| 2:26 | Queue | Villager (Male) |
| 2:26 | Queue | Villager (Male) |
| 2:43 | Queue | Villager (Male) |
| 2:44 | Queue | Villager (Male) |
| 3:03 | Queue | Villager (Male) |
| 3:34 | Build | Lumber Camp |
| 3:39 | Queue | Villager (Male) |
| 3:39 | Queue | Villager (Male) |
| 3:39 | Queue | Villager (Male) |
| 4:07 | Queue | Villager (Male) |
| 4:08 | Queue | Villager (Male) |
| 4:08 | Queue | Villager (Male) |
| 4:17 | Build | House |
| 4:34 | Queue | Villager (Male) |
| 4:35 | Queue | Villager (Male) |
| 5:01 | Queue | Villager (Male) |
| 5:02 | Queue | Villager (Male) |
| 5:02 | Queue | Villager (Male) |
| 5:29 | Build | Mill |
| 5:49 | Build | House |
| 6:07 | Queue | Villager (Male) |
| 6:30 | Research | Loom |
| 6:30 | Research | Loom |
| 6:55 | Research | Feudal Age |
| 7:03 | Build | Lumber Camp |
| 8:01 | Queue | Villager (Male) |
| 8:01 | Queue | Villager (Male) |
| 8:14 | Build | Barracks |
| 9:06 | Build | Mining Camp |
| 9:11 | Build | Palisade Wall |
| 9:12 | Build | Palisade Wall |
| 9:17 | Age | Feudal Age |
| 9:23 | Queue | Villager (Male) |
| 9:26 | Build | Archery Range |
| 9:32 | Research | Double-Bit Axe |
| 9:32 | Research | Double-Bit Axe |
| 9:42 | Queue | Villager (Male) |
| 9:50 | Build | House |
| 9:59 | Queue | Archer |
| 10:13 | Queue | Villager (Male) |
| 10:25 | Queue | Archer |
| 10:25 | Queue | Archer |
| 10:37 | Build | Farm |
| 10:39 | Build | Farm |
| 10:52 | Queue | Villager (Male) |
| 11:06 | Queue | Archer |
| 11:12 | Build | House |
| 11:13 | Build | House |
| 11:29 | Queue | Villager (Male) |
| 11:40 | Build | Blacksmith |
| 11:41 | Build | Palisade Wall |
| 11:50 | Queue | Archer |
| 11:50 | Queue | Archer |
| 11:58 | Queue | Villager (Male) |
| 12:06 | Build | House |
| 12:08 | Build | Palisade Wall |
| 12:09 | Queue | Archer |
| 12:12 | Build | House |
| 12:14 | Build | House |
| 12:18 | Queue | Villager (Male) |
| 12:23 | Build | Farm |
| 12:30 | Research | Fletching |
| 12:31 | Research | Fletching |
| 12:31 | Queue | Villager (Male) |
| 12:32 | Queue | Villager (Male) |
| 12:32 | Queue | Villager (Male) |
| 12:52 | Build | House |
| 12:53 | Build | Palisade Wall |
| 12:58 | Queue | Archer |
| 12:59 | Queue | Archer |
| 13:05 | Queue | Villager (Male) |
| 13:05 | Queue | Villager (Male) |
| 13:08 | Build | Farm |
| 13:13 | Queue | Archer |
| 13:14 | Queue | Archer |
| 13:16 | Build | Farm |
| 13:45 | Queue | Archer |
| 13:48 | Queue | Villager (Male) |
| 13:52 | Build | Farm |
| 14:13 | Queue | Archer |
| 14:30 | Queue | Villager (Male) |
| 14:37 | Build | Farm |
| 14:40 | Build | Farm |
| 14:45 | Queue | Villager (Male) |
| 14:55 | Build | Market |
| 14:56 | Build | Palisade Wall |
| 15:08 | Queue | Archer |
| 15:10 | Research | Wheelbarrow |
| 15:10 | Research | Wheelbarrow |
| 15:15 | Build | House |
| 15:19 | Build | Palisade Wall |
| 15:26 | Queue | Villager (Male) |
| 15:29 | Build | Farm |
| 15:37 | Queue | Archer |
| 15:54 | Queue | Villager (Male) |
| 15:57 | Queue | Archer |
| 16:26 | Queue | Villager (Male) |
| 16:54 | Research | Castle Age |
| 16:54 | Research | Castle Age |
| 17:05 | Build | Stable |
| 17:07 | Build | Palisade Wall |
| 17:08 | Research | Horse Collar |
| 17:08 | Research | Horse Collar |
| 17:09 | Queue | Archer |
| 17:25 | Research | Gold Mining |
| 17:26 | Research | Gold Mining |
| 17:44 | Queue | Archer |
| 18:01 | Build | Farm |
| 18:01 | Research | Bloodlines |
| 18:02 | Research | Bloodlines |
| 18:02 | Research | Bloodlines |
| 18:16 | Queue | Scout Cavalry |
| 18:23 | Build | House |
| 18:49 | Queue | Archer |
| 18:51 | Queue | Scout Cavalry |
| 19:02 | Build | House |
| 19:03 | Build | House |
| 19:19 | Queue | Villager (Male) |
| 19:34 | Age | Castle Age |
| 19:35 | Research | Bodkin Arrow |
| 19:40 | Research | Crossbowman (upgrade) |
| 19:40 | Research | Crossbowman (upgrade) |
| 19:54 | Queue | Villager (Male) |
| 19:58 | Build | Town Center |
| 20:00 | Build | University |
| 20:14 | Queue | Archer |
| 20:15 | Queue | Archer |
| 20:38 | Queue | Villager (Male) |
| 20:38 | Queue | Villager (Male) |
| 20:52 | Queue | Archer |
| 21:02 | Build | Town Center |
| 21:13 | Research | Bow Saw |
| 21:14 | Research | Bow Saw |
| 21:16 | Queue | Villager (Male) |
| 21:41 | Queue | Villager (Male) |
| 21:59 | Queue | Villager (Male) |
| 22:02 | Queue | Archer |
| 22:06 | Build | House |
| 22:10 | Build | House |
Match timeline
| 4:57 | DGHIR | Lukera · first_building Barracks |
| 8:14 | bambolotto527 · first_building Barracks |
| 9:11 | bambolotto527 · wall_segment Palisade Wall x2 |
| 9:12 | bambolotto527 · wall_segment Palisade Wall x1 |
| 9:17 | bambolotto527 · age_up feudal |
| 9:26 | bambolotto527 · first_building Archery Range |
| 10:51 | DGHIR | Lukera · age_up feudal |
| 11:41 | bambolotto527 · wall_segment Palisade Wall x1 |
| 12:08 | bambolotto527 · wall_segment Palisade Wall x1 |
| 12:33 | DGHIR | Lukera · first_building Archery Range |
| 12:53 | bambolotto527 · wall_segment Palisade Wall x1 |
| 14:56 | bambolotto527 · wall_segment Palisade Wall x1 |
| 15:15 | DGHIR | Lukera · wall_segment Palisade Wall x6 |
| 15:19 | bambolotto527 · wall_segment Palisade Wall x7 |
| 16:46 | bambolotto527 · first_market_buy 100 food |
| 16:47 | bambolotto527 · first_market_sell 100 wood |
| 17:05 | bambolotto527 · first_building Stable |
| 17:07 | bambolotto527 · wall_segment Palisade Wall x1 |
| 17:39 | DGHIR | Lukera · wall_segment Palisade Wall x4 |
| 17:40 | DGHIR | Lukera · wall_segment Palisade Wall x8 |
| 19:34 | bambolotto527 · age_up castle |
| 22:03 | DGHIR | Lukera · first_market_sell 100 food |
| 23:53 | bambolotto527 · first_building Monastery |
| 23:56 | DGHIR | Lukera · resign |
[ AI ANALYSIS · 1 CREDIT ]
What really happened in this match?
Wolo.gg analyzes every decision: build order, eco, micro, common mistakes by bracket. Personalized analysis on WhatsApp or Discord in 30 seconds.
Civ guide
Spanish
Perfil
Jugador #5124028